 Dungeon Crawl Stone Soup version 0.22-a0-362-g535178c (webtiles) character file.

12707 Amnesiac the Nimble (level 11, -1/86 HPs)
             Began as a Mummy Wizard on Apr 20, 2018.
             Was a Believer of Sif Muna.
             Slain by a sky beast (5 damage)
             ... on level 11 of the Dungeon.
             The game lasted 00:30:43 (18267 turns).

Amnesiac the Nimble (Mummy Wizard)                 Turns: 18267, Time: 00:30:43

Health: -1/86      AC: 10    Str:  8 (11) XL:     11   Next: 66%
Magic:  7/39       EV: 13    Int: 21      God:    Sif Muna [**....]
Gold:   567        SH:  0    Dex:  4 (10) Spells: 2/28 levels left

rFire    x . .     SeeInvis .   a - staff of power
rCold    + + .     Gourm    .   (no shield)
rNeg     + + +     Faith    .   y - +2 robe {rC+}
rPois    ∞         Spirit   .   c - +1 helmet
rElec    .         Reflect  .   d - +2 cloak
rCorr    .         Harm     .   B - +0 pair of gloves
MR       +....                  (no boots)
Stlth    +.........             (no amulet)
HPRegen  0.24/turn              o - ring of wizardry
MPRegen  0.26/turn              p - ring of wizardry

@: very slightly contaminated, divine energy
A: no food or potions, fire vulnerability, cold resistance 1, negative energy
resistance 3, torment resistance, unbreathing
a: Stop Divine Energy, Renounce Religion


You were on level 11 of the Dungeon.
You worshipped Sif Muna.
Sif Muna was pleased with you.
You were not hungry.

You visited 2 branches of the dungeon, and saw 12 of its levels.

You collected 567 gold pieces.

Inventory:

Hand Weapons
 b - a +2 dagger of draining
 t - a +3 blowgun
 z - a +2 dagger of venom
Armour
 c - a +1 helmet (worn)
 d - a +2 cloak (worn)
 y - a +2 robe of cold resistance (worn)
 B - a +0 pair of gloves (worn)
Magical Staves
 a - an uncursed staff of power (weapon)
Jewellery
 i - an uncursed ring of protection from fire
 o - a ring of wizardry (left hand)
 p - a ring of wizardry (right hand)
Wands
 f - a wand of iceblast (11)
 g - a wand of disintegration (18)
 j - a wand of polymorph (11)
 r - a wand of paralysis (16)
 u - a wand of flame (24)
Scrolls
 e - 2 scrolls of enchant armour {!r}
 h - 3 scrolls of immolation {!r}
 k - 2 scrolls of blinking {!r}
 l - 7 scrolls of teleportation {!r}
 m - 2 scrolls of enchant weapon {!r}
 n - 3 scrolls of vulnerability {!r}
 q - 2 scrolls of noise {!r}
 s - 2 scrolls of remove curse {!r}
 v - 2 scrolls of fear {!r}
 w - a scroll of brand weapon {!r}
 x - a scroll of summoning {!r, unknown}
 A - 2 scrolls of fog {!r}
 C - a scroll of acquirement {!r, unknown}
 D - a scroll of amnesia {!r}


   Skills:
 - Level 8.2 Fighting
 - Level 10.0 Dodging
 - Level 1.5 Stealth
 + Level 9.1 Spellcasting
 - Level 0.7 Conjurations
 - Level 0.7 Summonings
 * Level 9.7 Necromancy
 - Level 0.7 Translocations
 + Level 3.0 Invocations


You had 2 spell levels left.
You knew the following spells:

 Your Spells              Type           Power        Failure   Level  Hunger
a - Bolt of Draining      Conj/Necr      ####......   6%          5    N/A
b - Call Imp              Summ           ##......     2%          2    N/A
c - Magic Dart            Conj           ##..         1%          1    N/A
d - Borgnjor's Vile Clut  Necr/Erth      ####......   7%          5    N/A
e - Dispel Undead         Necr           ######..     1%          5    N/A
f - Vampiric Draining     Necr           ######....   1%          3    N/A
s - Conjure Flame         Conj/Fire      ##......     5%          3    N/A
v - Blink                 Tloc           N/A          2%          2    N/A

Dungeon Overview and Level Annotations

Branches:
Dungeon (11/15)            Temple (1/1) D:4            Lair (0/6) D:8
    Orc (0/2) D:9

Altars:
Ashenzari
Elyvilon
Fedhas
Kikubaaqudgha
Nemelex Xobeh
Okawaru
Qazlal
Ru
Sif Muna
Trog
Uskayaw
Vehumet
Wu Jian
Xom
Zin
The Shining One


Innate Abilities, Weirdness & Mutations

You do not eat or drink.
Your flesh is vulnerable to fire.
You are immune to poison.
Your flesh is cold resistant. (rC+)
You are immune to negative energy. (rN+++)
You are immune to unholy pain and torment.
You can survive without breathing.


Message History

As you open the door, it creaks loudly!
You hear two shouts!
Something hits you but does no damage.
The gnoll sergeant hits you from afar with a spear.
* * * LOW HITPOINT WARNING * * *
The black bear barely misses you. The black bear closely misses you.
The black bear claws you.
* * * LOW HITPOINT WARNING * * *
You hear a shout!
A two-headed ogre and a phantom come into view.
Casting: Bolt of Draining (safe; 6% risk of failure)
Confirm with . or Enter, or press ? or * to list all spells.
Okay, then.
You hear a horrible gurgling sound!
You hear a loud, deep croak!
You hear a shout!
Something hits you.
* * * LOW HITPOINT WARNING * * *
There is an open door here.
Really read
k - 3 scrolls of blinking {!r}?
Blink to where?
Press: ? - help, Dir - move target cursor
Okay, then.
Really read
v - 3 scrolls of fear {!r}?
As you read the scroll of fear {!r}, it crumbles to dust.
You assume a fearsome visage.
The phantom is unaffected.
The orc looks frightened!
The gnoll sergeant looks frightened!
The two-headed ogre looks frightened!
The black bear looks frightened!
The hippogriff looks frightened!
The gnoll looks frightened!
Really read
v - 2 scrolls of fear {!r}?
Okay, then.
Casting: Bolt of Draining (safe; 6% risk of failure)
Confirm with . or Enter, or press ? or * to list all spells.
Aiming: Borgnjor's Vile Clutch (safe; 7% risk of failure)
Press: ? - help, Dir - move target cursor, f - sky beast
Aim: a sky beast
Okay, then.
Really read
k - 3 scrolls of blinking {!r}?
Blink to where?
Press: ? - help, Dir - move target cursor
As you read the scroll of blinking {!r}, it crumbles to dust.
The gnoll completely misses you.
Casting: Borgnjor's Vile Clutch (safe; 7% risk of failure)
Confirm with . or Enter, or press ? or * to list all spells.
Aiming: Borgnjor's Vile Clutch (safe; 7% risk of failure)
Press: ? - help, Dir - move target cursor, f - gnoll
Aim: a gnoll, wielding a halberd
Okay, then.
Casting: Borgnjor's Vile Clutch (safe; 7% risk of failure)
Confirm with . or Enter, or press ? or * to list all spells.
Aiming: Vampiric Draining (safe; 1% risk of failure)
Press: ? - help, Shift-Dir - straight line, f - gnoll
Aim: a gnoll, wielding a halberd The gnoll is almost dead.
You feel life coursing into your body. The gnoll barely misses you.
Casting: Vampiric Draining (safe; 1% risk of failure)
Confirm with . or Enter, or press ? or * to list all spells.
Aiming: Vampiric Draining (safe; 1% risk of failure)
Press: ? - help, Shift-Dir - straight line, f/p - gnoll
Aim: a gnoll, wielding a halberd (almost dead)
You kill the gnoll!
Sif Muna accepts your kill. The sky beast hits you.
* * * LOW HITPOINT WARNING * * *
The sky beast shocks you.
You die...

#..# ...# ##. ##..# #...
...# #O.# ##..# ##...
#...# ##### #
#...#########..#####...##.
#....#.#.#.#......g.......
#......WY@)...#####.......
#....######G### #.H.....
###'#######.########2.....
#........g#...)...##'#####
#....h#g............gg....
#.....#.go................
#.....#.o................g
#.....#.H.................
#.....#.§%................


You could see an eye of draining, a phantom and a sky beast.

Vanquished Creatures
  Snorg (D:10)
  Erolcha (D:9)
  A two-headed ogre (D:9)
  The ghost of Arum the Covert, a novice OpMo of Dithmenos (D:7)
  Nergalle (D:10)
  Pikel (D:4)
  An ugly thing (D:9)
  A centaur zombie (D:7)
  A gargoyle (D:10)
  A hydra zombie (D:7)
  A hornet (D:10)
  Prince Ribbit (D:8)
  2 hippogriffs
  Sigmund (D:4)
  2 wyverns (D:8)
  A basilisk (D:8)
  A wraith (D:10)
  5 yaks (D:8)
  Eustachio (D:4)
  2 hungry ghosts
  A two-headed ogre zombie (D:10)
  4 porcupines (D:8)
  2 sky beasts (D:10)
  A hornet zombie (D:7)
  2 tengu skeletons (D:6)
  A water moccasin (D:6)
  5 ice beasts
  2 phantoms
  A black bear (D:10)
  2 slaves (D:4)
  A necrophage (D:10)
  4 ogres
  3 orc warriors
  4 centaurs
  2 crocodiles
  A big kobold (D:9)
  A hippogriff zombie (D:6)
  6 bullfrogs
  A wyvern zombie (D:10)
  A cyclops skeleton (D:10)
  3 scorpions
  A water moccasin skeleton (D:6)
  4 killer bees (D:9)
  A troll skeleton (D:10)
  3 electric eels (D:9)
  13 wights
  3 howler monkeys (D:9)
  4 bullfrog zombies
  3 crimson imps
  A soldier ant zombie (D:7)
  6 hounds
  A basilisk skeleton (D:8)
  A bullfrog skeleton (D:10)
  5 orc priests
  A jelly (D:11)
  6 orc wizards
  2 centaur skeletons
  6 iguanas
  7 worker ants
  A sky beast zombie (D:6)
  2 crocodile skeletons
  A hound zombie (D:7)
  4 hound skeletons
  2 worker ant zombies (D:7)
  A mummy (D:10)
  Robin (D:1)
  A scorpion zombie (D:6)
  12 adders
  2 gnolls (D:11)
  2 shadow imps
  2 oozes
  3 adder zombies
  3 orc zombies (D:7)
  A worm zombie (D:7)
  3 adder skeletons
  An iguana skeleton (D:8)
  An orc skeleton (D:10)
  A worm (D:4)
  3 dart slugs
  3 leopard geckos
  22 orcs
  4 ball pythons
  3 bats
  5 giant cockroaches
  6 goblins
  7 hobgoblins
  15 jackals
  3 quokkas
  3 frilled lizards
  A frilled lizard skeleton (D:10)
  A goblin zombie (D:7)
  A hobgoblin zombie (D:10)
  A jackal skeleton (D:6)
  A jackal zombie (D:6)
  10 kobolds
  A kobold skeleton (D:8)
  A kobold zombie (D:7)
  7 rats
  A rat zombie (D:7)
  2 toadstools (D:1)
288 creatures vanquished.

Vanquished Creatures (collateral kills)
  A water moccasin (D:9)
  A phantom (D:7)
  2 crimson imps (D:5)
  Terence (D:3)
  A gnoll (D:1)
  An adder (D:5)
  A shadow imp (D:8)
  2 orcs (D:4)
  A giant cockroach (D:1)
  A goblin (D:2)
  4 hobgoblins
16 creatures vanquished.

Vanquished Creatures (others)
  2 bushes (D:8)
  6 fungi (D:8)
  15 plants (D:8)
  2 toadstools (D:1)
25 creatures vanquished.

Grand Total: 329 creatures vanquished

Notes
Turn   | Place    | Note
-------+----------+-------------------------------------------
     0 | D:1      | Amnesiac the Mummy Wizard began the quest for the Orb.
     0 | D:1      | Reached XP level 1. HP: 13/13 MP: 5/5
   466 | D:1      | Reached skill level 2 in Dodging
   559 | D:1      | Reached XP level 2. HP: 20/20 MP: 5/7
   655 | D:1      | Learned a level 2 spell: Call Imp
   911 | D:1      | Reached skill level 1 in Fighting
  1215 | D:2      | Reached XP level 3. HP: 22/26 MP: 8/8
  1220 | D:2      | Learned a level 3 spell: Mephitic Cloud
  1224 | D:2      | Learned a level 3 spell: Conjure Flame
  1237 | D:2      | Found a blossoming altar of Fedhas.
  1332 | D:3      | Noticed Terence
  1346 | D:3      | Killed Terence
  1346 | D:3      | Reached skill level 3 in Dodging
  1408 | D:3      | Reached XP level 4. HP: 28/33 MP: 10/10
  1412 | D:3      | Learned a level 2 spell: Blink
  1427 | D:3      | Found an ornate altar of the Wu Jian Council.
  1526 | D:3      | Found a radiant altar of Vehumet.
  1526 | D:3      | Found an ancient bone altar of Kikubaaqudgha.
  1527 | D:3      | Found a deep blue altar of Sif Muna.
  1533 | D:3      | Identified Sif Muna's Volume of Creation
  1542 | D:3      | Became a worshipper of Kikubaaqudgha
  2021 | D:2      | Noticed Robin
  2165 | D:1      | Killed Robin
  2563 | D:3      | Found a sacrificial altar of Ru.
  2718 | D:4      | Reached * piety under Kikubaaqudgha
  2718 | D:4      | Identified Kikubaaqudgha's Disquisition on Evil Rituals (Kikubaaqudgha gifted it to you on level 4 of the Dungeon)
  2718 | D:4      | Received a gift from Kikubaaqudgha
  2752 | D:4      | Noticed Sigmund
  2759 | D:4      | Reached XP level 5. HP: 25/39 MP: 4/11
  2879 | D:4      | Killed Sigmund
  2879 | D:4      | Reached skill level 4 in Dodging
  2879 | D:4      | Reached skill level 1 in Necromancy
  2879 | D:4      | Reached XP level 6. HP: 46/47 MP: 7/12
  3011 | D:4      | Noticed Eustachio
  3177 | D:4      | Killed Eustachio
  3244 | D:4      | Found a bloodstained altar of Trog.
  3314 | D:4      | Noticed a slave
  3315 | D:4      | Noticed Pikel
  3315 | D:4      | Noticed a slave
  3315 | D:4      | Noticed a slave
  3315 | D:4      | Noticed a slave
  3353 | D:4      | Killed a slave
  3354 | D:4      | Killed Pikel
  3354 | D:4      | Reached skill level 5 in Dodging
  3354 | D:4      | Reached XP level 7. HP: 54/55 MP: 6/13
  3590 | D:4      | Reached XP level 8. HP: 61/61 MP: 14/14
  3609 | D:4      | Found a hide-covered altar of Uskayaw.
  3613 | D:4      | Noticed a dagger
  3613 | D:4      | Noticed an enchanted dagger
  3771 | D:4      | Reached skill level 6 in Dodging
  3811 | D:4      | Found a staircase to the Ecumenical Temple.
  3820 | Temple   | Entered the Ecumenical Temple
  3847 | D:5      | Entered Level 5 of the Dungeon
  4090 | D:5      | Reached skill level 5 in Fighting
  4540 | D:5      | Reached ** piety under Kikubaaqudgha
  4627 | D:5      | Learned a level 3 spell: Vampiric Draining
  5066 | D:6      | You fall through a shaft for 2 floors!
  5073 | D:8      | Noticed a two-headed ogre
  5084 | D:9      | Found an ornate altar of the Wu Jian Council.
  5120 | D:9      | Found a staircase to the Orcish Mines.
  5145 | D:9      | Killed a two-headed ogre
  5145 | D:9      | Reached skill level 7 in Dodging
  5145 | D:9      | Reached skill level 5 in Necromancy
  5145 | D:9      | Reached XP level 9. HP: 30/69 MP: 3/15
  5501 | D:9      | Reached skill level 8 in Dodging
  5598 | D:9      | Noticed a purple ugly thing
  5626 | D:9      | Killed a purple ugly thing
  6368 | D:8      | Reached skill level 9 in Dodging
  6420 | D:8      | Reached XP level 10. HP: 43/79 MP: 3/16
  7136 | D:8      | Found a staircase to the Lair.
  7459 | D:6      | Reached *** piety under Kikubaaqudgha
  7459 | D:6      | Identified Kikubaaqudgha's Compendium of Unholy Secrets (Kikubaaqudgha gifted it to you on level 6 of the Dungeon)
  7459 | D:6      | Received a gift from Kikubaaqudgha
  7461 | D:6      | Fell from the grace of Kikubaaqudgha
  7545 | D:3      | Became a worshipper of Sif Muna the Loreminder
  7631 | D:6      | Reached skill level 10 in Dodging
  7675 | D:6      | Learned a level 5 spell: Dispel Undead
  7883 | D:6      | Reached skill level 5 in Spellcasting
  8318 | D:7      | Noticed Arum's ghost (novice OpMo)
  8320 | D:7      | Noticed a reaper
  8322 | D:7      | Killed Arum's ghost
  8322 | D:7      | Reached * piety under Sif Muna
  8346 | D:6      | Learned a level 5 spell: Bolt of Draining
  8822 | D:6      | Noticed a reaper
  9304 | D:7      | Noticed a reaper
 11297 | D:8      | Noticed a soul eater
 11767 | D:8      | Noticed Prince Ribbit
 11773 | D:8      | Killed Prince Ribbit
 11773 | D:8      | Reached XP level 11. HP: 86/86 MP: 3/23
 12767 | D:8      | Found a stormy altar of Qazlal.
 12817 | D:8      | Learned a level 5 spell: Borgnjor's Vile Clutch
 14109 | D:9      | Noticed Erolcha
 14119 | D:9      | Killed Erolcha
 14263 | D:9      | Found a sparkling altar of Nemelex Xobeh.
 14265 | D:9      | Found a shimmering altar of Xom.
 14269 | D:9      | Found an iron altar of Okawaru.
 14269 | D:9      | Found a white marble altar of Elyvilon.
 14381 | D:9      | Found a shattered altar of Ashenzari.
 14532 | D:10     | Entered Level 10 of the Dungeon
 16024 | D:10     | Noticed Snorg
 16028 | D:10     | Killed Snorg
 16028 | D:10     | Reached skill level 1 in Invocations
 16029 | D:10     | Reached ** piety under Sif Muna
 16704 | D:10     | Noticed a reaper
 17773 | D:10     | Noticed Nergalle
 17775 | D:10     | Killed Nergalle
 18212 | D:11     | Noticed a reaper
 18261 | D:11     | Noticed a two-headed ogre
 18261 | D:11     | HP: 2/86 [something (4)]
 18267 | D:11     | HP: 4/86 [sky beast (5)]
 18267 | D:11     | Slain by a sky beast

Vault maps used:
D:1:      ldierk_water_garden, kennysheep_minor_cross
D:2:      lemuel_crystal_altar, uniq_robin
D:3:      grunt_temple_overflow_magic_moments, lemuel_crystal_altar,
          overflow_temple_1_default, uniq_terence
D:4:      dancing_weapons_uskayaw, temple_hall, trog_hazing_becter,
          uniq_eustachio, uniq_sigmund, uniq_pikel
D:5:      first_ration
D:8:      kennysheep_little_box, minmay_lair_entry_grove, uniq_prince_ribbit1
D:9:      statuecave_lemuel, kennysheep_mini, minitemple, orc_0_dummy,
          basic_altar, uniq_erolcha
D:10:     serial_undead, serial_undead_b, serial_undead_d, serial_undead_c,
          serial_undead_e, uniq_snorg, uniq_nergalle
D:11:     serial_shops, shop, hangedman_ranch, onia_ninara_cookie
Temple:   compressed_dpeg_triangle_lava_temple

Skill      XL: |  1  2  3  4  5  6  7  8  9 10 11 |
---------------+----------------------------------+-----
Dodging        | 2 3 4 5 7 9 10 | 10.0
Fighting       | 1 2 3 4 6 7 8 |  8.2
Necromancy     | 1 3 5 6 7 9 |  9.7
Spellcasting   | 8 9 |  9.1
Invocations    | 3 |  3.0
Stealth        | |  1.5
Conjurations   | |  0.7
Summonings     | |  0.7
Translocations | |  0.7

Action                   |  1- 3 |  4- 6 |  7- 9 | 10-12 || total
-------------------------+-------+-------+-------+-------++-------
Melee: Unarmed           |    47 |       |       |       ||    47
       Dagger            |       |       |       |   123 ||   123
       Staff             |       |       |       |    26 ||    26
 Fire: Hunting sling     |    28 |   207 |   411 |    59 ||   705
 Cast: Magic Dart        |    39 |    11 |    11 |    41 ||   102
       Call Imp          |     7 |     7 |    11 |     9 ||    34
       Mephitic Cloud    |       |     6 |    19 |    11 ||    36
       Conjure Flame     |       |       |     2 |    12 ||    14
       Blink             |       |       |     2 |     3 ||     5
       Vampiric Draining |       |       |     7 |     9 ||    16
       Dispel Undead     |       |       |       |   105 ||   105
       Bolt of Draining  |       |       |       |   122 ||   122
       Borgnjor's Vile C |       |       |       |     3 ||     3
Invok: Divine Energy     |       |       |       |     1 ||     1
       Renounce Religion |       |       |       |     1 ||     1
Evoke: Wand              |       |       |    16 |     5 ||    21
  Use: Scroll            |       |     8 |     2 |    11 ||    21
 Stab: Paralysed         |       |       |       |     7 ||     7
       Confused          |       |       |       |     3 ||     3
Armor: Robe              |    20 |    51 |    59 |   117 ||   247
       Skin              |       |       |       |     2 ||     2
Dodge: Dodged            |    68 |   131 |   212 |   307 ||   718

Table legend:
 A = Spawn XP
 B = Non-spawn XP
 C = Spawn XP percentage of total XP
 D = Spawn monster count
 E = Non-spawn monster count
 F = Spawn count percentage of total count
 G = Total turns spent on level
                    A         B        C        D         E        F      G
               +---------+---------+-------+---------+---------+-------+---------
         Total |       0 |   18154 |   0.0 |       0 |     264 |   0.0 | 18267
               +---------+---------+-------+---------+---------+-------+---------
           D:1 |       0 |      62 |   0.0 |       0 |      26 |   0.0 |  1632
           D:2 |       0 |      38 |   0.0 |       0 |      17 |   0.0 |   493
           D:3 |       0 |      70 |   0.0 |       0 |       8 |   0.0 |   830
           D:4 |       0 |    1432 |   0.0 |       0 |      28 |   0.0 |   969
           D:5 |       0 |     687 |   0.0 |       0 |      21 |   0.0 |  1367
           D:6 |       0 |     790 |   0.0 |       0 |      11 |   0.0 |  1381
           D:7 |       0 |    2047 |   0.0 |       0 |      21 |   0.0 |  3261
           D:8 |       0 |    3441 |   0.0 |       0 |      39 |   0.0 |  2372
           D:9 |       0 |    4341 |   0.0 |       0 |      42 |   0.0 |  3462
          D:10 |       0 |    5176 |   0.0 |       0 |      47 |   0.0 |  2441
          D:11 |       0 |      70 |   0.0 |       0 |       4 |   0.0 |    57
               +---------+---------+-------+---------+---------+-------+---------
